Philadelphia Flyers vs Colorado Rockies
Created - Monday, December 11, 2023 at 07:19
Goals
|
| Philadelphia Flyers |
0 |
1 |
1 |
2 |
| Colorado Rockies |
2 |
3 |
1 |
6 |
|
Shots
|
| Philadelphia Flyers |
4 |
18 |
11 |
33 |
| Colorado Rockies |
12 |
16 |
8 |
36 |
|
1st period
1. Colorado Rockies , David Pastrnak 33 (Tim Stutzle 50, Evgeny Kuznetsov 22) at 2:28
2. Colorado Rockies , David Pastrnak 34 (Nick Schmaltz 28, Ryan O'Reilly 38) at 5:41 (PP)
Penalties :
Charles Hudon (PHI) for High sticking (Minor) at 4:12, Nick Schmaltz (COL) for Hooking (Minor) at 6:08, Artem Zub (PHI) for Goalie Interference (Minor) at 14:40
2nd period
3. Philadelphia Flyers , Jesper Fast 10 (Justin Faulk 25) at 0:12
4. Colorado Rockies , Kevin Hayes 13 (Martin Fehervary 12) at 9:03
5. Colorado Rockies , Kyle Connor 19 (Nikita Kucherov 37, Tim Stutzle 51) at 9:56 (PP)
6. Colorado Rockies , David Pastrnak 35 (Kyle Connor 41, Tim Stutzle 52) at 16:08
Penalties :
Tim Stutzle (COL) for Holding (Minor) at 6:40, Erik Gustafsson (PHI) for Hooking (Minor) at 9:38
3rd period
7. Philadelphia Flyers , Marcus Johansson 32 (Tyler Johnson 25, Justin Faulk 26) at 0:52
8. Colorado Rockies , Nick Schmaltz 18 (Evgeny Kuznetsov 23, Dylan Strome 16) at 4:57
Penalties :
David Pastrnak (COL) for Roughing (Minor) at 5:20, David Pastrnak (COL) for Fighting (Major) at 16:19, Erik Gustafsson (PHI) for Fighting (Major) at 16:19, Erik Gustafsson (PHI) for instigated a fight (Minor) at 16:19, Erik Gustafsson (PHI) for instigated a fight (10 Minutes Misconduct) at 16:19
Goalie Stats
Connor Ingram (PHI), 30 saves from 36 shots - (0.833), L, 18-25-4, 60:00 minutes
Andrei Vasilevskiy (COL), 31 saves from 33 shots - (0.939), W, 31-20-2, 60:00 minutes
Players Stats for Philadelphia Flyers
Player Name G A P +/- PIM S H SB GA TA FO MP PP MP PK MP
------------------------------------------------------------------------------------
Artem Zub 0 0 0 -2 2 1 1 1 0 0 0/0 18:43 0:21 1:30
Auston Matthews 0 0 0 0 0 4 0 0 0 1 9/19 15:22 3:13 0:27
Ben Chiarot 0 0 0 1 0 0 3 0 0 1 0/0 19:29 0:00 3:20
Bryan Rust 0 0 0 0 0 3 1 0 1 0 0/0 14:47 0:00 2:57
Charles Hudon 0 0 0 1 2 4 0 0 0 0 9/17 12:12 0:10 0:00
Elias Lindholm 0 0 0 -1 0 4 1 0 1 0 8/11 16:41 2:01 2:40
Erik Gustafsson 0 0 0 0 19 1 0 1 1 0 0/0 16:48 3:14 0:00
Jesper Fast 1 0 1 0 0 2 1 1 0 0 0/0 15:44 0:35 2:40
Justin Faulk 0 2 2 0 0 1 3 1 1 2 0/0 23:03 2:22 2:56
Marcus Johansson 1 0 1 -2 0 4 0 3 0 1 2/2 15:34 3:10 0:08
Matt Duchene 0 0 0 0 0 1 0 0 0 0 0/0 14:49 3:12 0:00
Matt Roy 0 0 0 0 0 0 1 2 0 0 0/0 21:00 3:14 3:25
Max Pacioretty 0 0 0 -1 0 0 0 1 0 0 1/1 13:32 1:57 0:00
Oliver Ekman-Larsson 0 0 0 -3 0 1 1 1 0 0 0/0 21:06 2:43 0:19
Radek Faksa 0 0 0 -2 0 0 1 0 0 1 6/11 15:11 0:00 2:38
Sonny Milano 0 0 0 1 0 3 2 1 2 0 0/0 13:13 0:48 0:00
Tyler Johnson 0 1 1 -1 0 4 1 0 0 0 0/1 13:19 0:47 0:00
Vladimir Tarasenko 0 0 0 -1 0 0 0 1 0 0 0/0 13:38 1:58 0:00
Players Stats for Colorado Rockies
Player Name G A P +/- PIM S H SB GA TA FO MP PP MP PK MP
------------------------------------------------------------------------------------
David Pastrnak 3 0 3 0 7 6 5 0 1 0 0/1 15:43 1:59 0:00
Dylan Strome 0 1 1 2 0 3 1 0 1 0 0/0 13:15 0:00 1:22
Evgeny Kuznetsov 0 2 2 1 0 2 1 2 1 1 7/15 15:34 0:54 3:05
Jesper Bratt 0 0 0 0 0 0 0 0 0 0 0/0 14:37 0:41 0:04
Kevin Hayes 1 0 1 1 0 1 2 0 0 0 4/5 8:49 0:00 0:00
Kyle Connor 1 1 2 0 0 3 0 0 0 0 0/3 16:24 2:38 0:24
Kyle Palmieri 0 0 0 1 0 1 2 0 0 0 0/1 8:49 0:00 0:00
Martin Fehervary 0 1 1 1 0 1 1 0 0 0 0/0 13:39 0:00 2:46
Nick Bonino 0 0 0 0 0 1 0 0 0 1 0/1 12:03 0:00 2:41
Nick Schmaltz 1 1 2 1 2 7 2 2 0 0 0/3 17:05 3:13 2:05
Nikita Kucherov 0 1 1 0 0 3 3 0 2 0 0/0 15:47 2:11 0:00
Quinn Hughes 0 0 0 1 0 3 2 0 0 2 0/0 24:07 3:10 0:17
Roman Josi 0 0 0 0 0 2 1 1 0 0 0/0 22:31 2:35 3:11
Ryan O'Reilly 0 1 1 0 0 1 2 1 0 0 7/12 18:53 2:46 1:58
Shea Theodore 0 0 0 1 0 0 0 1 1 0 0/0 14:46 2:35 0:00
Tim Stutzle 0 3 3 0 2 0 0 1 0 0 9/21 17:00 2:53 0:15
Victor Hedman 0 0 0 1 0 0 2 2 0 2 0/0 25:01 3:10 2:29
Zachary Werenski 0 0 0 0 0 2 1 2 0 0 0/0 19:56 0:00 3:11
3 Stars
1 - David Pastrnak (COL)
2 - Nick Schmaltz (COL)
3 - Kyle Connor (COL)
Power Play
Philadelphia Flyers - 0 on 3 Attempt(s) - 0.00%
Colorado Rockies - 2 on 4 Attempt(s) - 50.00%
Penalty Kill
Philadelphia Flyers - 2 on 4 Attempt(s) - 50.00%
- Score 0 goal in Penalty Kill
Colorado Rockies - 3 on 3 Attempt(s) - 100.00%
- Score 0 goal in Penalty Kill
Team Stat
Philadelphia Flyers - Hits : 16 - Faceoff Wins : 35 - Blocked Shots : 13 - Penalty Minutes : 23
Colorado Rockies - Hits : 25 - Faceoff Wins : 27 - Blocked Shots : 12 - Penalty Minutes : 11
Official
Referees : Kyle Rehman and Jacob Brenk
Linesman : Steve Miller and Pierre Racicot
Game Notes
9:56 of 2nd period - Colorado Rockies goal is going for a video replay. After video review, Goal.
David Pastrnak has scored a Hat Trick!
Erik Gustafsson beats up David Pastrnak at 16:19 of 3rd period
Finance
Level 1 -- Attendance: 6000 (100.00%) -- Ticket Income $540,000
Level 2 -- Attendance: 5000 (100.00%) -- Ticket Income $275,000
Level 3 -- Attendance: 2455 (81.83%) -- Ticket Income $85,925
Level 4 -- Attendance: 3500 (70.00%) -- Ticket Income $87,500
Luxury Box -- Attendance: 1000 (100.00%) -- Ticket Income $175,000
Game was played at the Pepsi Center.
Total Attendance: 17955 (89.78%)
Total Ticket Income: $1,163,425
Other Income: $407,199
Total Income: $1,570,624
Philadelphia Flyers
5 vs 5 Forward
Center Left Wing Right Wing Time % Phy DF OF
1 Auston Matthews Matt Duchene Bryan Rust 25 0 2 3
2 Elias Lindholm Max Pacioretty Vladimir Tarasenko 25 0 2 3
3 Radek Faksa Marcus Johansson Tyler Johnson 25 0 2 3
4 Charles Hudon Jesper Fast Sonny Milano 25 0 3 2
5 vs 5 Defense
Defense Defense Time % Phy DF OF
1 Justin Faulk Ben Chiarot 35 1 2 2
2 Oliver Ekman-Larsson Artem Zub 35 1 2 2
3 Erik Gustafsson Matt Roy 30 1 2 2
4 Justin Faulk Ben Chiarot 0 1 2 2
PowerPlay Forward
Center Left Wing Right Wing Time % Phy DF OF
1 Auston Matthews Max Pacioretty Matt Duchene 50 0 1 4
2 Elias Lindholm Marcus Johansson Vladimir Tarasenko 50 0 1 4
PowerPlay Defense
Defense Defense Time % Phy DF OF
1 Justin Faulk Oliver Ekman-Larsson 50 0 2 3
2 Erik Gustafsson Matt Roy 50 0 2 3
Penalty Kill 4 Players Forward
Center Wing Time % Phy DF OF
1 Radek Faksa Bryan Rust 50 0 4 1
2 Elias Lindholm Jesper Fast 50 0 4 1
Penalty Kill 4 Players Defense
Defense Defense Time % Phy DF OF
1 Ben Chiarot Matt Roy 50 0 5 0
2 Artem Zub Justin Faulk 50 0 5 0
Penalty Kill - 3 Players Forward
Forward Time % Phy DF OF
1 Radek Faksa 50 0 5 0
2 Elias Lindholm 50 0 5 0
Penalty Kill - 3 Players Defense
Defense Defense Time % Phy DF OF
1 Ben Chiarot Matt Roy 50 0 5 0
2 Artem Zub Justin Faulk 50 0 5 0
4 vs 4 Forward
Center Wing Time % Phy DF OF
1 Auston Matthews Matt Duchene 50 0 2 3
2 Elias Lindholm Max Pacioretty 50 0 2 3
4 vs 4 Defense
Defense Defense Time % Phy DF OF
1 Justin Faulk Ben Chiarot 50 1 2 2
2 Oliver Ekman-Larsson Artem Zub 50 1 2 2
Last Minutes Offensive
Center Left Wing Right Wing Defense Defense
Auston Matthews Elias Lindholm Matt Duchene Justin Faulk Oliver Ekman-Larsson
Last Minutes Defensive
Center Left Wing Right Wing Defense Defense
Elias Lindholm Radek Faksa Bryan Rust Ben Chiarot Matt Roy
Goaltenders
Starting : Connor Ingram
Backup : Jake Allen
Extra Forwards
Normal : Auston Matthews, Elias Lindholm, Matt Duchene - PP : Auston Matthews, Elias Lindholm - PK : Elias Lindholm
Extra Defensemen
Normal : Justin Faulk, Oliver Ekman-Larsson, Erik Gustafsson - PP : Justin Faulk - PK : Ben Chiarot, Matt Roy
Penalty Shots
Auston Matthews, Matt Duchene, Max Pacioretty, Elias Lindholm, Vladimir Tarasenko
Colorado Rockies
5 vs 5 Forward
Center Left Wing Right Wing Time % Phy DF OF
1 Tim Stutzle Kyle Connor David Pastrnak 30 1 2 2
2 Ryan O'Reilly Jesper Bratt Nikita Kucherov 30 1 2 2
3 Evgeny Kuznetsov Dylan Strome Nick Schmaltz 25 1 2 2
4 Kevin Hayes Nick Bonino Kyle Palmieri 15 1 2 2
5 vs 5 Defense
Defense Defense Time % Phy DF OF
1 Victor Hedman Quinn Hughes 40 1 2 2
2 Roman Josi Zachary Werenski 34 1 2 2
3 Martin Fehervary Shea Theodore 25 1 2 2
4 Victor Hedman Quinn Hughes 1 1 2 2
PowerPlay Forward
Center Left Wing Right Wing Time % Phy DF OF
1 Tim Stutzle Kyle Connor Nikita Kucherov 50 1 2 2
2 Ryan O'Reilly Nick Schmaltz David Pastrnak 50 1 2 2
PowerPlay Defense
Defense Defense Time % Phy DF OF
1 Victor Hedman Quinn Hughes 50 1 2 2
2 Roman Josi Shea Theodore 50 1 2 2
Penalty Kill 4 Players Forward
Center Wing Time % Phy DF OF
1 Ryan O'Reilly Nick Bonino 50 1 2 2
2 Evgeny Kuznetsov Nick Schmaltz 50 1 2 2
Penalty Kill 4 Players Defense
Defense Defense Time % Phy DF OF
1 Victor Hedman Martin Fehervary 50 1 2 2
2 Zachary Werenski Roman Josi 50 1 2 2
Penalty Kill - 3 Players Forward
Forward Time % Phy DF OF
1 Nick Bonino 50 1 2 2
2 Ryan O'Reilly 50 1 2 2
Penalty Kill - 3 Players Defense
Defense Defense Time % Phy DF OF
1 Victor Hedman Martin Fehervary 50 1 2 2
2 Roman Josi Zachary Werenski 50 1 2 2
4 vs 4 Forward
Center Wing Time % Phy DF OF
1 Tim Stutzle David Pastrnak 50 1 2 2
2 Ryan O'Reilly Kyle Connor 50 1 2 2
4 vs 4 Defense
Defense Defense Time % Phy DF OF
1 Victor Hedman Quinn Hughes 50 1 2 2
2 Roman Josi Shea Theodore 50 1 2 2
Last Minutes Offensive
Center Left Wing Right Wing Defense Defense
Ryan O'Reilly Kyle Connor David Pastrnak Victor Hedman Quinn Hughes
Last Minutes Defensive
Center Left Wing Right Wing Defense Defense
Ryan O'Reilly Kyle Connor David Pastrnak Victor Hedman Quinn Hughes
Goaltenders
Starting : Andrei Vasilevskiy
Backup : Ilya Samsonov
Extra Forwards
Normal : Nick Schmaltz, Evgeny Kuznetsov, Dylan Strome - PP : Nick Schmaltz, Evgeny Kuznetsov - PK : Dylan Strome
Extra Defensemen
Normal : Martin Fehervary, Quinn Hughes, Roman Josi - PP : Martin Fehervary - PK : Quinn Hughes, Roman Josi
Penalty Shots
Nikita Kucherov, Evgeny Kuznetsov, Kevin Hayes, Nick Schmaltz, Tim Stutzle
% Time on Ice - Philadelphia Flyers
Lines # - Real PCT - Wanted PCT - Time Play
Normal Forward
1 - 24% - 25% - 11:42
2 - 25% - 25% - 12:00
3 - 26% - 25% - 12:33
4 - 25% - 25% - 12:03
Normal Defense
1 - 36% - 35% - 17:10
2 - 35% - 35% - 16:50
3 - 30% - 30% - 14:18
4 - 0% - 0% - 0:00
PP Forward
1 - 66% - 50% - 3:56
2 - 34% - 50% - 2:01
PP Defense
1 - 46% - 50% - 2:43
2 - 54% - 50% - 3:14
PK Forward
1 - 51% - 50% - 2:57
2 - 49% - 50% - 2:48
PK Defense
1 - 49% - 50% - 2:49
2 - 51% - 50% - 2:56
PK3 Forward
1 - 0% - 50%
2 - 0% - 50%
PK3 Defense
1 - 0% - 50%
2 - 0% - 50%
44 Forward
1 - 0% - 50%
2 - 0% - 50%
44 Defense
1 - 0% - 50%
2 - 0% - 50%
Last Minute Offensive - 0:00
Last Minute Defensive - 0:00
Total
Forward - 60:00
Defense - 60:00
|
% Time on Ice - Colorado Rockies
Lines # - Real PCT - Wanted PCT - Time Play
Normal Forward
1 - 29% - 30% - 14:11
2 - 28% - 30% - 13:43
3 - 24% - 25% - 11:35
4 - 18% - 15% - 8:49
Normal Defense
1 - 40% - 40% - 19:31
2 - 35% - 34% - 16:45
3 - 25% - 25% - 12:02
4 - 0% - 1% - 0:00
PP Forward
1 - 46% - 50% - 2:38
2 - 54% - 50% - 3:07
PP Defense
1 - 55% - 50% - 3:10
2 - 45% - 50% - 2:35
PK Forward
1 - 40% - 50% - 2:24
2 - 60% - 50% - 3:33
PK Defense
1 - 46% - 50% - 2:46
2 - 54% - 50% - 3:11
PK3 Forward
1 - 0% - 50%
2 - 0% - 50%
PK3 Defense
1 - 0% - 50%
2 - 0% - 50%
44 Forward
1 - 0% - 50%
2 - 0% - 50%
44 Defense
1 - 0% - 50%
2 - 0% - 50%
Last Minute Offensive - 0:00
Last Minute Defensive - 0:00
Total
Forward - 60:00
Defense - 60:00
|
Play-by-Play
1st period
0:01 of 1st period - Tim Stutzle wins face-off versus Auston Matthews in neutral zone.
0:12 of 1st period - Snap shot by Kyle Connor.
0:12 of 1st period - Stopped by Connor Ingram with a rebound.
0:15 of 1st period - Icing by Justin Faulk.
0:16 of 1st period - Ryan O'Reilly wins face-off versus Auston Matthews in Philadelphia Flyers zone.
0:17 of 1st period - Slapshot by Nikita Kucherov.
0:17 of 1st period - Shot Misses the Net.
0:43 of 1st period - Ben Chiarot is hit by Dylan Strome and loses puck.
1:05 of 1st period - Off-side.
1:06 of 1st period - Kevin Hayes wins face-off versus Tyler Johnson in neutral zone.
1:11 of 1st period - Wrist shot by Kyle Palmieri.
1:11 of 1st period - Stopped by Connor Ingram without a rebound.
1:12 of 1st period - Charles Hudon wins face-off versus Kyle Connor in Philadelphia Flyers zone.
2:04 of 1st period - Snap shot by Tyler Johnson.
2:04 of 1st period - Shot Misses the Net.
2:28 of 1st period - Wrist shot by David Pastrnak.
2:28 of 1st period - Goal by David Pastrnak - Philadelphia Flyers : 0 - Colorado Rockies : 1.
2:29 of 1st period - Charles Hudon wins face-off versus Evgeny Kuznetsov in neutral zone.
2:41 of 1st period - Slapshot by Dylan Strome.
2:41 of 1st period - Stopped by Connor Ingram with a rebound.
2:43 of 1st period - Backhand shot by Martin Fehervary.
2:43 of 1st period - Stopped by Connor Ingram without a rebound.
2:44 of 1st period - Ryan O'Reilly wins face-off versus Elias Lindholm in Philadelphia Flyers zone.
2:55 of 1st period - Wrist shot by Jesper Bratt.
2:55 of 1st period - Shot Misses the Net.
3:16 of 1st period - Sonny Milano is hit by David Pastrnak.
3:20 of 1st period - Kyle Connor is hit by Sonny Milano and loses puck.
3:39 of 1st period - Snap shot by Nick Schmaltz.
3:39 of 1st period - Stopped by Connor Ingram with a rebound.
3:41 of 1st period - Wrist shot by Nick Schmaltz.
3:41 of 1st period - Stopped by Connor Ingram with a rebound.
3:43 of 1st period - Snap shot by Nick Schmaltz.
3:43 of 1st period - Stopped by Connor Ingram without a rebound.
3:44 of 1st period - Ryan O'Reilly wins face-off versus Elias Lindholm in Philadelphia Flyers zone.
3:47 of 1st period - Snap shot by Jesper Bratt.
3:47 of 1st period - Shot Blocked by Vladimir Tarasenko.
3:59 of 1st period - Snap shot by Elias Lindholm.
3:59 of 1st period - Shot Misses the Net.
4:12 of 1st period - Minor Penalty to Charles Hudon for High sticking.
4:13 of 1st period - Radek Faksa wins face-off versus Tim Stutzle in Philadelphia Flyers zone.
4:44 of 1st period - Snap shot by David Pastrnak.
4:44 of 1st period - Shot Blocked by Matt Roy.
4:54 of 1st period - Bryan Rust is hit by Victor Hedman and loses puck.
5:07 of 1st period - Snap shot by Nick Schmaltz.
5:07 of 1st period - Shot Misses the Net.
5:19 of 1st period - Snap shot by David Pastrnak.
5:19 of 1st period - Stopped by Connor Ingram with a rebound.
5:37 of 1st period - Wrist shot by David Pastrnak.
5:37 of 1st period - Shot Misses the Net.
5:41 of 1st period - Snap shot by David Pastrnak.
5:41 of 1st period - Goal by David Pastrnak - Philadelphia Flyers : 0 - Colorado Rockies : 2.
5:42 of 1st period - Elias Lindholm wins face-off versus Kevin Hayes in neutral zone.
5:47 of 1st period - Wrist shot by Max Pacioretty.
5:47 of 1st period - Shot Blocked by Roman Josi.
5:53 of 1st period - Snap shot by Elias Lindholm.
5:53 of 1st period - Shot Misses the Net.
6:08 of 1st period - Minor Penalty to Nick Schmaltz for Hooking.
6:09 of 1st period - Auston Matthews wins face-off versus Ryan O'Reilly in Colorado Rockies zone.
6:49 of 1st period - Slapshot by Dylan Strome.
6:49 of 1st period - Shot Blocked by Marcus Johansson.
8:08 of 1st period - Penalty to Nick Schmaltz is over, Nick Schmaltz is back on ice.
8:21 of 1st period - Sonny Milano is hit by David Pastrnak and loses puck.
9:29 of 1st period - Justin Faulk is hit by Kyle Palmieri and loses puck.
10:03 of 1st period - Snap shot by Dylan Strome.
10:03 of 1st period - Stopped by Connor Ingram with a rebound.
10:54 of 1st period - Matt Roy is hit by Martin Fehervary and loses puck.
11:11 of 1st period - Erik Gustafsson is hit by Roman Josi and loses puck.
11:18 of 1st period - Snap shot by Dylan Strome.
11:18 of 1st period - Shot Misses the Net.
11:47 of 1st period - Vladimir Tarasenko is hit by Ryan O'Reilly and loses puck.
11:58 of 1st period - Quinn Hughes is hit by Justin Faulk and loses puck.
12:28 of 1st period - Bryan Rust is hit by David Pastrnak and loses puck.
12:46 of 1st period - Oliver Ekman-Larsson is hit by Quinn Hughes and loses puck.
13:08 of 1st period - Ben Chiarot is hit by Nikita Kucherov and loses puck.
13:17 of 1st period - Icing by Ryan O'Reilly.
13:18 of 1st period - Ryan O'Reilly wins face-off versus Radek Faksa in Colorado Rockies zone.
13:27 of 1st period - Nikita Kucherov is hit by Tyler Johnson and loses puck.
13:32 of 1st period - Wrist shot by Tyler Johnson.
13:32 of 1st period - Shot Misses the Net.
13:38 of 1st period - Marcus Johansson is hit by Victor Hedman and loses puck.
14:37 of 1st period - Snap shot by Nikita Kucherov.
14:37 of 1st period - Stopped by Connor Ingram without a rebound.
14:38 of 1st period - Charles Hudon wins face-off versus Tim Stutzle in Philadelphia Flyers zone.
14:40 of 1st period - Minor Penalty to Artem Zub for Goalie Interference.
14:41 of 1st period - Elias Lindholm wins face-off versus Tim Stutzle in Philadelphia Flyers zone.
14:41 of 1st period - Elias Lindholm is hit by Nick Schmaltz.
14:46 of 1st period - Slapshot by Jesper Fast.
14:46 of 1st period - Stopped by Andrei Vasilevskiy without a rebound.
14:47 of 1st period - Elias Lindholm wins face-off versus Tim Stutzle in Colorado Rockies zone.
14:48 of 1st period - Slapshot by Jesper Fast.
14:48 of 1st period - Shot Blocked by Tim Stutzle.
16:40 of 1st period - Penalty to Artem Zub is over, Artem Zub is back on ice.
16:40 of 1st period - Tim Stutzle is hit by Elias Lindholm and loses puck.
16:59 of 1st period - Snap shot by Tyler Johnson.
16:59 of 1st period - Deflect By Marcus Johansson.
16:59 of 1st period - Deflect By Quinn Hughes.
16:59 of 1st period - Shot Misses the Net.
16:59 of 1st period - Puck is out of play.
17:00 of 1st period - Kevin Hayes wins face-off versus Radek Faksa in Colorado Rockies zone.
17:15 of 1st period - Slapshot by Roman Josi.
17:15 of 1st period - Deflect By Nick Bonino.
17:15 of 1st period - Shot Blocked by Marcus Johansson.
17:15 of 1st period - Puck is out of play.
17:16 of 1st period - Auston Matthews wins face-off versus Evgeny Kuznetsov in Philadelphia Flyers zone.
17:22 of 1st period - Icing by Bryan Rust.
17:23 of 1st period - Auston Matthews wins face-off versus Evgeny Kuznetsov in Philadelphia Flyers zone.
17:27 of 1st period - Off-side.
17:28 of 1st period - Tim Stutzle wins face-off versus Charles Hudon in neutral zone.
17:36 of 1st period - Wrist shot by Charles Hudon.
17:36 of 1st period - Shot Misses the Net.
18:13 of 1st period - Icing by Vladimir Tarasenko.
18:14 of 1st period - Ryan O'Reilly wins face-off versus Auston Matthews in Philadelphia Flyers zone.
18:17 of 1st period - Snap shot by Nikita Kucherov.
18:17 of 1st period - Shot Misses the Net.
18:23 of 1st period - Victor Hedman is hit by Justin Faulk and loses puck.
18:28 of 1st period - Snap shot by Bryan Rust.
18:28 of 1st period - Deflect By Jesper Bratt.
18:28 of 1st period - Stopped by Andrei Vasilevskiy without a rebound.
18:29 of 1st period - Tim Stutzle wins face-off versus Charles Hudon in Colorado Rockies zone.
18:36 of 1st period - Oliver Ekman-Larsson is hit by David Pastrnak and loses puck.
19:43 of 1st period - Snap shot by Tyler Johnson.
19:43 of 1st period - Stopped by Andrei Vasilevskiy with a rebound.
19:45 of 1st period - Snap shot by Marcus Johansson.
19:45 of 1st period - Stopped by Andrei Vasilevskiy with a rebound.
Goals for this period are 0 for Philadelphia Flyers vs 2 for Colorado Rockies.
Shots for this period are 4 for Philadelphia Flyers vs 12 for Colorado Rockies.
2nd period
0:01 of 2nd period - Tim Stutzle wins face-off versus Charles Hudon in neutral zone.
0:04 of 2nd period - Wrist shot by David Pastrnak.
0:04 of 2nd period - Stopped by Connor Ingram with a rebound.
0:12 of 2nd period - Wrist shot by Jesper Fast.
0:12 of 2nd period - Goal by Jesper Fast - Philadelphia Flyers : 1 - Colorado Rockies : 2.
0:13 of 2nd period - Elias Lindholm wins face-off versus Tim Stutzle in neutral zone.
0:26 of 2nd period - Snap shot by Elias Lindholm.
0:26 of 2nd period - Stopped by Andrei Vasilevskiy with a rebound.
0:28 of 2nd period - Slapshot by Vladimir Tarasenko.
0:28 of 2nd period - Shot Blocked by Victor Hedman.
0:38 of 2nd period - Quinn Hughes is hit by Justin Faulk.
1:02 of 2nd period - Wrist shot by Matt Duchene.
1:02 of 2nd period - Shot Blocked by Zachary Werenski.
1:04 of 2nd period - Slapshot by Bryan Rust.
1:04 of 2nd period - Stopped by Andrei Vasilevskiy with a rebound.
1:06 of 2nd period - Slapshot by Justin Faulk.
1:06 of 2nd period - Stopped by Andrei Vasilevskiy without a rebound.
1:07 of 2nd period - Auston Matthews wins face-off versus Tim Stutzle in Colorado Rockies zone.
1:08 of 2nd period - Snap shot by Matt Duchene.
1:08 of 2nd period - Shot Blocked by Victor Hedman.
1:14 of 2nd period - Wrist shot by Matt Duchene.
1:14 of 2nd period - Stopped by Andrei Vasilevskiy with a rebound.
1:16 of 2nd period - Snap shot by Auston Matthews.
1:16 of 2nd period - Stopped by Andrei Vasilevskiy with a rebound.
1:18 of 2nd period - Snap shot by Bryan Rust.
1:18 of 2nd period - Stopped by Andrei Vasilevskiy without a rebound.
1:19 of 2nd period - Elias Lindholm wins face-off versus Evgeny Kuznetsov in Colorado Rockies zone.
1:44 of 2nd period - Matt Roy is hit by David Pastrnak.
2:08 of 2nd period - Snap shot by Jesper Bratt.
2:08 of 2nd period - Shot Misses the Net.
2:10 of 2nd period - Snap shot by Ryan O'Reilly.
2:10 of 2nd period - Stopped by Connor Ingram without a rebound.
2:11 of 2nd period - Ryan O'Reilly wins face-off versus Elias Lindholm in Philadelphia Flyers zone.
3:13 of 2nd period - Max Pacioretty is hit by Nikita Kucherov and loses puck.
3:20 of 2nd period - Quinn Hughes is hit by Ben Chiarot and loses puck.
3:55 of 2nd period - Vladimir Tarasenko is hit by Nikita Kucherov and loses puck.
4:58 of 2nd period - Slapshot by Victor Hedman.
4:58 of 2nd period - Shot Blocked by Max Pacioretty.
5:22 of 2nd period - Wrist shot by Elias Lindholm.
5:22 of 2nd period - Stopped by Andrei Vasilevskiy without a rebound.
5:23 of 2nd period - Tim Stutzle wins face-off versus Auston Matthews in Colorado Rockies zone.
6:38 of 2nd period - Wrist shot by Auston Matthews.
6:38 of 2nd period - Stopped by Andrei Vasilevskiy with a rebound.
6:40 of 2nd period - Minor Penalty to Tim Stutzle for Holding.
6:41 of 2nd period - Marcus Johansson wins face-off versus Nick Schmaltz in Colorado Rockies zone.
7:09 of 2nd period - Icing by Matt Duchene.
7:10 of 2nd period - Auston Matthews wins face-off versus Evgeny Kuznetsov in Philadelphia Flyers zone.
7:51 of 2nd period - Snap shot by Oliver Ekman-Larsson.
7:51 of 2nd period - Stopped by Andrei Vasilevskiy with a rebound.
8:40 of 2nd period - Penalty to Tim Stutzle is over, Tim Stutzle is back on ice.
9:03 of 2nd period - Snap shot by Kevin Hayes.
9:03 of 2nd period - Goal by Kevin Hayes - Philadelphia Flyers : 1 - Colorado Rockies : 3.
9:04 of 2nd period - Evgeny Kuznetsov wins face-off versus Auston Matthews in neutral zone.
9:13 of 2nd period - Slapshot by Evgeny Kuznetsov.
9:13 of 2nd period - Shot Misses the Net.
9:15 of 2nd period - Slapshot by Martin Fehervary.
9:15 of 2nd period - Deflect By Nick Schmaltz.
9:15 of 2nd period - Shot Blocked by Artem Zub.
9:15 of 2nd period - Puck is out of play.
9:16 of 2nd period - Tim Stutzle wins face-off versus Charles Hudon in Philadelphia Flyers zone.
9:38 of 2nd period - Minor Penalty to Erik Gustafsson for Hooking.
9:39 of 2nd period - Tim Stutzle wins face-off versus Radek Faksa in Philadelphia Flyers zone.
9:54 of 2nd period - Snap shot by Nikita Kucherov.
9:54 of 2nd period - Shot Misses the Net.
9:56 of 2nd period - Wrist shot by Kyle Connor.
9:56 of 2nd period - Colorado Rockies goal is going for a video replay.
9:56 of 2nd period - The goal is good.
9:56 of 2nd period - Goal by Kyle Connor - Philadelphia Flyers : 1 - Colorado Rockies : 4.
9:57 of 2nd period - Evgeny Kuznetsov wins face-off versus Auston Matthews in neutral zone.
10:02 of 2nd period - Wrist shot by Nick Schmaltz.
10:02 of 2nd period - Stopped by Connor Ingram without a rebound.
10:03 of 2nd period - Evgeny Kuznetsov wins face-off versus Auston Matthews in Philadelphia Flyers zone.
10:06 of 2nd period - Slapshot by Dylan Strome.
10:06 of 2nd period - Stopped by Connor Ingram without a rebound.
10:07 of 2nd period - Evgeny Kuznetsov wins face-off versus Auston Matthews in Philadelphia Flyers zone.
10:24 of 2nd period - Snap shot by Evgeny Kuznetsov.
10:24 of 2nd period - Stopped by Connor Ingram without a rebound.
10:25 of 2nd period - Radek Faksa wins face-off versus Kyle Connor in Philadelphia Flyers zone.
10:32 of 2nd period - Wrist shot by Kyle Connor.
10:32 of 2nd period - Stopped by Connor Ingram with a rebound.
10:34 of 2nd period - Slapshot by Tim Stutzle.
10:34 of 2nd period - Shot Blocked by Marcus Johansson.
10:36 of 2nd period - Slapshot by Zachary Werenski.
10:36 of 2nd period - Stopped by Connor Ingram with a rebound.
10:38 of 2nd period - Slapshot by Roman Josi.
10:38 of 2nd period - Shot Misses the Net.
10:52 of 2nd period - Dylan Strome is hit by Sonny Milano and loses puck.
10:59 of 2nd period - Slapshot by Jesper Fast.
10:59 of 2nd period - Shot Blocked by Evgeny Kuznetsov.
11:01 of 2nd period - Snap shot by Sonny Milano.
11:01 of 2nd period - Shot Blocked by Nick Schmaltz.
11:03 of 2nd period - Wrist shot by Charles Hudon.
11:03 of 2nd period - Stopped by Andrei Vasilevskiy with a rebound.
11:15 of 2nd period - Slapshot by Roman Josi.
11:15 of 2nd period - Stopped by Connor Ingram with a rebound.
11:17 of 2nd period - Snap shot by Zachary Werenski.
11:17 of 2nd period - Stopped by Connor Ingram with a rebound.
11:19 of 2nd period - Slapshot by Roman Josi.
11:19 of 2nd period - Shot Blocked by Matt Roy.
11:57 of 2nd period - Slapshot by Erik Gustafsson.
11:57 of 2nd period - Deflect By Quinn Hughes.
11:57 of 2nd period - Stopped by Andrei Vasilevskiy without a rebound.
11:58 of 2nd period - Radek Faksa wins face-off versus Tim Stutzle in Colorado Rockies zone.
11:59 of 2nd period - Slapshot by Tyler Johnson.
11:59 of 2nd period - Shot Misses the Net.
12:01 of 2nd period - Snap shot by Radek Faksa.
12:01 of 2nd period - Shot Blocked by Shea Theodore.
12:03 of 2nd period - Slapshot by Tyler Johnson.
12:03 of 2nd period - Stopped by Andrei Vasilevskiy with a rebound.
12:05 of 2nd period - Slapshot by Marcus Johansson.
12:05 of 2nd period - Stopped by Andrei Vasilevskiy with a rebound.
12:07 of 2nd period - Wrist shot by Radek Faksa.
12:07 of 2nd period - Deflect By Tyler Johnson.
12:07 of 2nd period - Stopped by Andrei Vasilevskiy with a rebound.
12:09 of 2nd period - Snap shot by Radek Faksa.
12:09 of 2nd period - Deflect By Marcus Johansson.
12:09 of 2nd period - Shot Misses the Net.
12:09 of 2nd period - Puck is out of play.
12:10 of 2nd period - Charles Hudon wins face-off versus David Pastrnak in Colorado Rockies zone.
12:15 of 2nd period - Snap shot by Sonny Milano.
12:15 of 2nd period - Shot Misses the Net.
12:17 of 2nd period - Slapshot by Charles Hudon.
12:17 of 2nd period - Stopped by Andrei Vasilevskiy without a rebound.
12:18 of 2nd period - Charles Hudon wins face-off versus Tim Stutzle in Colorado Rockies zone.
12:21 of 2nd period - Snap shot by Sonny Milano.
12:21 of 2nd period - Stopped by Andrei Vasilevskiy without a rebound.
12:22 of 2nd period - Tim Stutzle wins face-off versus Charles Hudon in Colorado Rockies zone.
12:27 of 2nd period - Snap shot by Tim Stutzle.
12:27 of 2nd period - Shot Blocked by Jesper Fast.
12:33 of 2nd period - Snap shot by David Pastrnak.
12:33 of 2nd period - Stopped by Connor Ingram without a rebound.
12:34 of 2nd period - Evgeny Kuznetsov wins face-off versus Radek Faksa in Philadelphia Flyers zone.
13:28 of 2nd period - Wrist shot by Nick Bonino.
13:28 of 2nd period - Stopped by Connor Ingram without a rebound.
13:29 of 2nd period - Auston Matthews wins face-off versus Evgeny Kuznetsov in Philadelphia Flyers zone.
13:29 of 2nd period - Auston Matthews is hit by Nick Schmaltz.
13:35 of 2nd period - Snap shot by Auston Matthews.
13:35 of 2nd period - Stopped by Andrei Vasilevskiy with a rebound.
14:12 of 2nd period - Icing by Quinn Hughes.
14:13 of 2nd period - Radek Faksa wins face-off versus Tim Stutzle in Colorado Rockies zone.
14:30 of 2nd period - Wrist shot by David Pastrnak.
14:30 of 2nd period - Shot Misses the Net.
16:06 of 2nd period - Snap shot by Kyle Connor.
16:06 of 2nd period - Shot Misses the Net.
16:08 of 2nd period - Wrist shot by David Pastrnak.
16:08 of 2nd period - Goal by David Pastrnak - Philadelphia Flyers : 1 - Colorado Rockies : 5.
16:09 of 2nd period - Charles Hudon wins face-off versus Evgeny Kuznetsov in neutral zone.
16:25 of 2nd period - Slapshot by Roman Josi.
16:25 of 2nd period - Stopped by Connor Ingram with a rebound.
16:47 of 2nd period - Wrist shot by Bryan Rust.
16:47 of 2nd period - Shot Misses the Net.
17:53 of 2nd period - Kyle Palmieri is hit by Ben Chiarot and loses puck.
18:10 of 2nd period - Snap shot by Nick Schmaltz.
18:10 of 2nd period - Stopped by Connor Ingram without a rebound.
18:11 of 2nd period - Kevin Hayes wins face-off versus Charles Hudon in Philadelphia Flyers zone.
19:38 of 2nd period - Radek Faksa is hit by Kyle Palmieri and loses puck.
Goals for this period are 1 for Philadelphia Flyers vs 3 for Colorado Rockies.
Shots for this period are 18 for Philadelphia Flyers vs 16 for Colorado Rockies.
3rd period
0:01 of 3rd period - Auston Matthews wins face-off versus Nick Schmaltz in neutral zone.
0:52 of 3rd period - Snap shot by Marcus Johansson.
0:52 of 3rd period - Goal by Marcus Johansson - Philadelphia Flyers : 2 - Colorado Rockies : 5.
0:53 of 3rd period - Evgeny Kuznetsov wins face-off versus Auston Matthews in neutral zone.
0:58 of 3rd period - Snap shot by Nick Schmaltz.
0:58 of 3rd period - Stopped by Connor Ingram with a rebound.
1:08 of 3rd period - Wrist shot by Matt Duchene.
1:08 of 3rd period - Shot Blocked by Evgeny Kuznetsov.
1:10 of 3rd period - Snap shot by Auston Matthews.
1:10 of 3rd period - Shot Blocked by Nick Schmaltz.
1:48 of 3rd period - Wrist shot by Nikita Kucherov.
1:48 of 3rd period - Stopped by Connor Ingram with a rebound.
1:50 of 3rd period - Wrist shot by Ryan O'Reilly.
1:50 of 3rd period - Shot Misses the Net.
2:03 of 3rd period - Off-side.
2:04 of 3rd period - Elias Lindholm wins face-off versus Kyle Palmieri in neutral zone.
2:09 of 3rd period - Vladimir Tarasenko is hit by Kevin Hayes and loses puck.
3:56 of 3rd period - Slapshot by Quinn Hughes.
3:56 of 3rd period - Shot Blocked by Erik Gustafsson.
3:58 of 3rd period - Wrist shot by Evgeny Kuznetsov.
3:58 of 3rd period - Stopped by Connor Ingram without a rebound.
3:59 of 3rd period - Max Pacioretty wins face-off versus Nick Schmaltz in Philadelphia Flyers zone.
4:57 of 3rd period - Slapshot by Nick Schmaltz.
4:57 of 3rd period - Goal by Nick Schmaltz - Philadelphia Flyers : 2 - Colorado Rockies : 6.
4:58 of 3rd period - Charles Hudon wins face-off versus Kyle Connor in neutral zone.
5:01 of 3rd period - Snap shot by Jesper Fast.
5:01 of 3rd period - Shot Blocked by Zachary Werenski.
5:03 of 3rd period - Wrist shot by Jesper Fast.
5:03 of 3rd period - Shot Misses the Net.
5:05 of 3rd period - Wrist shot by Jesper Fast.
5:05 of 3rd period - Shot Misses the Net.
5:07 of 3rd period - Slapshot by Charles Hudon.
5:07 of 3rd period - Stopped by Andrei Vasilevskiy with a rebound.
5:09 of 3rd period - Snap shot by Artem Zub.
5:09 of 3rd period - Stopped by Andrei Vasilevskiy without a rebound.
5:10 of 3rd period - Charles Hudon wins face-off versus Tim Stutzle in Colorado Rockies zone.
5:11 of 3rd period - Snap shot by Sonny Milano.
5:11 of 3rd period - Stopped by Andrei Vasilevskiy without a rebound.
5:12 of 3rd period - Charles Hudon wins face-off versus Tim Stutzle in Colorado Rockies zone.
5:20 of 3rd period - Minor Penalty to David Pastrnak for Roughing.
5:21 of 3rd period - Marcus Johansson wins face-off versus Nick Bonino in Colorado Rockies zone.
6:25 of 3rd period - Zachary Werenski is hit by Oliver Ekman-Larsson and loses puck.
7:20 of 3rd period - Penalty to David Pastrnak is over, David Pastrnak is back on ice.
7:38 of 3rd period - Slapshot by Quinn Hughes.
7:38 of 3rd period - Stopped by Connor Ingram with a rebound.
7:40 of 3rd period - Snap shot by David Pastrnak.
7:40 of 3rd period - Shot Blocked by Justin Faulk.
7:42 of 3rd period - Snap shot by Ryan O'Reilly.
7:42 of 3rd period - Shot Blocked by Sonny Milano.
7:44 of 3rd period - Slapshot by Quinn Hughes.
7:44 of 3rd period - Stopped by Connor Ingram with a rebound.
7:46 of 3rd period - Wrist shot by Nick Bonino.
7:46 of 3rd period - Shot Blocked by Oliver Ekman-Larsson.
8:14 of 3rd period - Slapshot by Shea Theodore.
8:14 of 3rd period - Shot Misses the Net.
8:16 of 3rd period - Slapshot by Quinn Hughes.
8:16 of 3rd period - Stopped by Connor Ingram without a rebound.
8:17 of 3rd period - Evgeny Kuznetsov wins face-off versus Radek Faksa in Philadelphia Flyers zone.
8:46 of 3rd period - Roman Josi is hit by Matt Roy and loses puck.
8:55 of 3rd period - Snap shot by Auston Matthews.
8:55 of 3rd period - Shot Misses the Net.
8:57 of 3rd period - Backhand shot by Matt Duchene.
8:57 of 3rd period - Shot Misses the Net.
9:51 of 3rd period - Jesper Fast is hit by Kevin Hayes and loses puck.
10:10 of 3rd period - Shea Theodore is hit by Radek Faksa and loses puck.
10:45 of 3rd period - Tim Stutzle is hit by Bryan Rust and loses puck.
11:10 of 3rd period - Icing by Marcus Johansson.
11:11 of 3rd period - Radek Faksa wins face-off versus Ryan O'Reilly in Philadelphia Flyers zone.
11:40 of 3rd period - Quinn Hughes is hit by Jesper Fast and loses puck.
11:59 of 3rd period - David Pastrnak is hit by Ben Chiarot and loses puck.
12:40 of 3rd period - Snap shot by Elias Lindholm.
12:40 of 3rd period - Shot Misses the Net.
12:58 of 3rd period - Snap shot by Kevin Hayes.
12:58 of 3rd period - Shot Misses the Net.
13:18 of 3rd period - Snap shot by Tyler Johnson.
13:18 of 3rd period - Shot Misses the Net.
13:42 of 3rd period - Snap shot by Kevin Hayes.
13:42 of 3rd period - Shot Misses the Net.
14:04 of 3rd period - Snap shot by Marcus Johansson.
14:04 of 3rd period - Shot Misses the Net.
14:29 of 3rd period - Icing by Justin Faulk.
14:30 of 3rd period - Radek Faksa wins face-off versus Ryan O'Reilly in Philadelphia Flyers zone.
14:30 of 3rd period - Radek Faksa is hit by Ryan O'Reilly.
14:41 of 3rd period - Snap shot by Tyler Johnson.
14:41 of 3rd period - Stopped by Andrei Vasilevskiy with a rebound.
14:43 of 3rd period - Snap shot by Marcus Johansson.
14:43 of 3rd period - Stopped by Andrei Vasilevskiy without a rebound.
14:44 of 3rd period - Ryan O'Reilly wins face-off versus Auston Matthews in Colorado Rockies zone.
15:00 of 3rd period - Slapshot by Nikita Kucherov.
15:00 of 3rd period - Stopped by Connor Ingram with a rebound.
15:18 of 3rd period - Wrist shot by Sonny Milano.
15:18 of 3rd period - Shot Misses the Net.
15:20 of 3rd period - Snap shot by Charles Hudon.
15:20 of 3rd period - Stopped by Andrei Vasilevskiy with a rebound.
15:27 of 3rd period - Icing by Victor Hedman.
15:28 of 3rd period - Elias Lindholm wins face-off versus Evgeny Kuznetsov in Colorado Rockies zone.
15:31 of 3rd period - Wrist shot by Elias Lindholm.
15:31 of 3rd period - Stopped by Andrei Vasilevskiy with a rebound.
15:35 of 3rd period - Wrist shot by Elias Lindholm.
15:35 of 3rd period - Stopped by Andrei Vasilevskiy without a rebound.
15:36 of 3rd period - Auston Matthews wins face-off versus Ryan O'Reilly in Colorado Rockies zone.
15:37 of 3rd period - Wrist shot by Matt Duchene.
15:37 of 3rd period - Deflect By Auston Matthews.
15:37 of 3rd period - Stopped by Andrei Vasilevskiy without a rebound.
15:38 of 3rd period - Auston Matthews wins face-off versus Ryan O'Reilly in Colorado Rockies zone.
16:04 of 3rd period - Off-side.
16:05 of 3rd period - Tim Stutzle wins face-off versus Charles Hudon in neutral zone.
16:19 of 3rd period - Erik Gustafsson beats up David Pastrnak.
16:19 of 3rd period - Penalty to David Pastrnak for Fighting.
16:19 of 3rd period - Penalty to Erik Gustafsson for Fighting.
16:19 of 3rd period - Penalty to Erik Gustafsson for instigated a fight.
16:19 of 3rd period - Penalty to Erik Gustafsson for instigated a fight.
16:20 of 3rd period - Elias Lindholm wins face-off versus Tim Stutzle in Philadelphia Flyers zone.
17:32 of 3rd period - Jesper Fast is hit by Quinn Hughes.
18:19 of 3rd period - Penalty to Erik Gustafsson is over, Marcus Johansson is send on ice.
18:49 of 3rd period - Kyle Connor is hit by Artem Zub and loses puck.
19:13 of 3rd period - Bryan Rust is hit by Evgeny Kuznetsov.
19:31 of 3rd period - Vladimir Tarasenko is hit by Zachary Werenski and loses puck.
19:52 of 3rd period - Snap shot by Sonny Milano.
19:52 of 3rd period - Shot Blocked by Ryan O'Reilly.
19:54 of 3rd period - Wrist shot by Sonny Milano.
19:54 of 3rd period - Stopped by Andrei Vasilevskiy without a rebound.
19:55 of 3rd period - Kevin Hayes wins face-off versus Charles Hudon in Colorado Rockies zone.
Goals for this period are 1 for Philadelphia Flyers vs 1 for Colorado Rockies.
Shots for this period are 11 for Philadelphia Flyers vs 8 for Colorado Rockies.
Back to the Top